 Dungeon Sprint DCSS version 0.17-a0-2101-g0c122e7 (webtiles) character file.

4239 kosy22 the Grappler (level 10, -7/110 HPs)
             Began as a Troll Monk on Oct 18, 2015.
             Was the Champion of Jiyva.
             Mangled by a chaos spawn (12 damage)
             ... summoned by an orc high priest
             ... in the Dungeon (Sprint IX: "|||||||||||||||||||||||||||||").
             The game lasted 00:11:38 (1420 turns).

kosy22 the Grappler (Troll Monk)                    Turns: 1420, Time: 00:11:39

Health: -7/110     AC: 11    Str: 23    XL:     10   Next: 9%
Magic:  8/9        EV: 17    Int:  5    God:    Jiyva [******]
Gold:   665        SH:  0    Dex: 14    Spells: 0 memorised, 9 levels left

rFire  . . .     SeeInvis .     n - +2 halberd (venom)
rCold  . . .     Clarity  .     a - +0 robe
rNeg   . . .     SustAt   .     (no shield)
rPois  .         Gourm    +     (helmet restricted)
rElec  +         Spirit   .     (no cloak)
rCorr  +         Warding  .     (gloves unavailable)
rMut   .         NoTele   +     (boots unavailable)
MR     .....                    (no amulet)
Stlth  ++........               l - +2 ring of protection
                                m - +2 ring of protection

@: slimy, not resistant to hostile enchantments, unstealthy
A: unfitting armour, antennae 2, claws 3, thin metallic scales 1, breathe flames
1, fast metabolism 3, gourmand, regeneration 3, shaggy fur 1, electricity
resistance, tough skin 2, jelly sensing items, jelly absorbing missiles
a: Request Jelly, Jelly Paralyse, Slimify, Cure Bad Mutation, Renounce Religion,
Breathe Fire


You were in the Dungeon.
You worshipped Jiyva.
Jiyva was exalted by your worship.
You were completely stuffed.

You visited 1 branch You collected 665 gold pieces.

Inventory:

Hand Weapons
 n - a +2 halberd of venom (weapon)
Armour
 a - a +0 robe (worn)
 w - a +0 cloak
Jewellery
 l - a +2 ring of protection (right claw)
 m - a +2 ring of protection (left claw)
Wands
 k - a wand of cold (7)
Scrolls
 h - 3 scrolls of blinking
 i - 3 scrolls of remove curse
 j - 3 scrolls of amnesia
 r - 4 scrolls of enchant armour
 s - a scroll of identify
 t - a scroll of fog
Potions
 b - a potion of cure mutation
 c - 4 potions of curing
 d - a potion of invisibility
 e - 2 potions of haste
 f - 4 potions of magic
 g - a potion of heal wounds
 o - 2 potions of berserk rage
 p - a potion of might
Comestibles
 q - 43 fruits
 u - 12 bread rations
 v - 12 meat rations


   Skills:
 + Level 9.8 Fighting
 + Level 7.2 Polearms
 + Level 12.2 Dodging
 + Level 3.1 Stealth
 + Level 12.5 Unarmed Combat


You had 9 spell levels left.
You didn't know any spells.

Dungeon Overview and Level Annotations

Branches:
Dungeon (1/1)

Altars:
Cheibriados
Dithmenos
Elyvilon
Fedhas
Gozag
Kikubaaqudgha
Makhleb
Nemelex Xobeh
Okawaru
Qazlal
Ru
Sif Muna
Trog
Vehumet
Xom
Yredelemnul
Zin
The Shining One
Beogh
Jiyva
Lugonu

Shops:
D *


Innate Abilities, Weirdness & Mutations

You are too large for most types of armour.
You have claws for hands.
Your metabolism is lightning-fast.
You like to eat raw meat.
You regenerate.
You are covered in fur (AC +1).
You have very tough skin (AC +2).
You have a pair of antennae on your head.
You are partially covered in thin metallic scales (AC +2).
You can breathe flames.
You are resistant to electric shocks.
You have a small jelly attached to you that senses nearby items.
You have a small jelly attached to you that may absorb incoming projectiles.


Message History

You hit the chaos spawn but do no damage.
The chaos spawn is moderately wounded.
The chaos spawn gores you but does no damage.
The orc priest invokes the aid of Beogh against you.
Something smites you!
* * * LOW HITPOINT WARNING * * *
The orc priest miscasts a cantrip.
The chaos spawn hits you but does no damage.
You puncture the chaos spawn!
The chaos spawn looks even sicker.
The chaos spawn is almost dead.
You hear a distant slurping noise.
Jiyva alters your body.
The antennae on your head grow some more.
Jiyva appreciates your sacrifice.
You feel a little less hungry.
You feel your power returning.
You feel better.
The orc priest calls down the wrath of Beogh upon you.
Something smites you!
* * * LOW HITPOINT WARNING * * *
The chaos spawn gores you!
You die...

________________'.........')..÷.÷
▓▓▓▓▓▓▓▓▓▓▓▓▓▓▓▓▓▓▓▓▓▓▓▓▓▓▓▓▓▓▓▓▓
.................................
▓▓▓▓▓▓▓▓▓▓▓▓▓▓▓▓▓▓▓▓▓▓▓▓▓▓▓▓▓▓▓▓▓
........'.........†........?)..'.
▓▓▓▓▓▓▓▓▓▓▓▓▓▓▓▓▓▓▓▓▓▓▓▓▓▓▓▓▓▓▓▓▓
.................................
▓▓▓▓▓▓▓▓▓▓▓▓▓▓▓▓▓▓▓▓▓▓▓▓▓▓▓▓▓▓▓▓▓
....'...........@3ooo4oo
▓▓▓▓▓▓▓▓▓▓▓▓▓▓▓▓▓▓▓▓▓▓▓▓


{{{{{ { You could see an orc high priest, a hellwing, a chaos spawn and 4 orc
priests.

Vanquished Creatures
  An orc knight (D)
  A black mamba (D)
  A basilisk (D)
  2 hippogriffs (D)
  4 wolves (D)
  A steam dragon (D)
  4 wargs (D)
  2 porcupines (D)
  8 orc warriors (D)
  2 ogres (D)
  A centaur (D)
  A crocodile (D)
  A giant frog (D)
  A scorpion (D)
  A crimson imp (D)
  5 orc priests (D)
  4 orc wizards (D)
  2 worker ants (D)
  5 orcs (D)
  2 bat zombies (D)
  A giant cockroach (D)
  3 goblins (D)
  A jackal skeleton (D)
  A kobold (D)
55 creatures vanquished.

Vanquished Creatures (collateral kills)
  A komodo dragon (D)
  A porcupine (D)
  A river rat (D)
3 creatures vanquished.

Vanquished Creatures (others)
  A spiny frog (D)
  4 slime creatures (D)
  A porcupine (D)
  2 water moccasins (D)
  An orc warrior (D)
  A giant frog (D)
  2 jellies (D)
  An orc wizard (D)
  A river rat (D)
14 creatures vanquished.

Grand Total: 72 creatures vanquished

Notes
Turn   | Place    | Note
--------------------------------------------------------------
     0 | D        | kosy22 the Troll Monk began the quest for the Orb.
     0 | D        | Reached XP level 1. HP: 22/22 MP: 0/0
    19 | D        | Noticed an ogre
    19 | D        | Noticed an orc wizard
    19 | D        | Noticed a worker ant
    26 | D        | Killed an ogre
    26 | D        | Reached skill level 7 in Unarmed Combat
    26 | D        | Reached XP level 2. HP: 32/32 MP: 1/1
    26 | D        | Reached XP level 3. HP: 39/39 MP: 2/2
    26 | D        | Reached XP level 4. HP: 48/48 MP: 3/3
    31 | D        | Killed an orc wizard
    31 | D        | Reached skill level 8 in Unarmed Combat
    36 | D        | Killed a worker ant
    36 | D        | Reached XP level 5. HP: 55/55 MP: 4/4
    89 | D        | Found a glowing silver altar of Zin.
    89 | D        | Found a glowing golden altar of the Shining One.
    89 | D        | Found an ancient bone altar of Kikubaaqudgha.
    89 | D        | Found a basalt altar of Yredelemnul.
    89 | D        | Found a shimmering altar of Xom.
    89 | D        | Found a radiant altar of Vehumet.
    90 | D        | Found an iron altar of Okawaru.
    91 | D        | Found a burning altar of Makhleb.
    92 | D        | Found a deep blue altar of Sif Muna.
    93 | D        | Found a bloodstained altar of Trog.
    94 | D        | Found a sparkling altar of Nemelex Xobeh.
    95 | D        | Found a white marble altar of Elyvilon.
    96 | D        | Found a roughly hewn altar of Beogh.
    97 | D        | Found a viscous altar of Jiyva.
    98 | D        | Found a corrupted altar of Lugonu.
    99 | D        | Found a blossoming altar of Fedhas.
   100 | D        | Found a snail-covered altar of Cheibriados.
   101 | D        | Found a shadowy altar of Dithmenos.
   102 | D        | Found a stormy altar of Qazlal.
   103 | D        | Found an opulent altar of Gozag.
   104 | D        | Found a sacrificial altar of Ru.
   105 | D        | Became a worshipper of Jiyva Jekomeb the Shapeless
   105 | D        | Reached * piety under Jiyva
   105 | D        | Reached ** piety under Jiyva
   126 | D        | Reached *** piety under Jiyva
   126 | D        | Gained mutation: Your skin is partially translucent (Stealth, -foe acc). [Jiyva's grace]
   132 | D        | Lost mutation: Your skin is partially translucent (Stealth, -foe acc). [Jiyva's grace]
   139 | D        | Reached **** piety under Jiyva
   142 | D        | Gained mutation: You can translocate small distances at will. [Jiyva's grace]
   142 | D        | Reached ***** piety under Jiyva
   142 | D        | Gained mutation: You are agile. (Dex +2) [Jiyva's grace]
   285 | D        | Noticed a hippogriff
   285 | D        | Noticed an ogre
   285 | D        | Noticed a jelly
   285 | D        | Noticed a giant frog
   285 | D        | Noticed a worker ant
   287 | D        | Killed a giant frog
   290 | D        | Killed a hippogriff
   290 | D        | Reached skill level 5 in Fighting
   290 | D        | Reached skill level 5 in Dodging
   290 | D        | Reached skill level 10 in Unarmed Combat
   290 | D        | Reached XP level 6. HP: 53/67 MP: 5/5
   290 | D        | Killed a jelly
   293 | D        | Killed an ogre
   294 | D        | Killed a worker ant
   324 | D        | Noticed a centaur
   324 | D        | Noticed a scorpion
   324 | D        | Noticed a troll
   324 | D        | Noticed a giant frog
   324 | D        | Noticed a crimson imp
   324 | D        | Noticed a steam dragon
   327 | D        | Killed a centaur
   327 | D        | Reached skill level 11 in Unarmed Combat
   331 | D        | Killed a scorpion
   336 | D        | Slimified a troll
   336 | D        | a troll changed into a jelly
   341 | D        | Killed a giant frog
   341 | D        | Reached XP level 7. HP: 33/76 MP: 1/6
   346 | D        | Killed a steam dragon
   346 | D        | Reached skill level 1 in Polearms
   346 | D        | Reached skill level 12 in Unarmed Combat
   363 | D        | Killed a crimson imp
   506 | D        | Gained mutation: You can spit weak poison. [Jiyva's grace]
   510 | D        | Reached ****** piety under Jiyva
   511 | D        | Gained mutation: You have acidic saliva. [Jiyva's grace]
   511 | D        | Gained mutation: You are partially covered in large bone plates (AC +2, SH +2). [Jiyva's grace]
   511 | D        | Gained mutation: You have large cloven feet. [Jiyva's grace]
   511 | D        | Lost mutation: You are agile. (Dex +2) [Jiyva's grace]
   514 | D        | Gained mutation: You are weak. (Str -2) [Jiyva's grace]
   514 | D        | Gained mutation: You are frail (-10% HP). [Jiyva's grace]
   514 | D        | Gained mutation: Your skin is partially translucent (Stealth, -foe acc). [Jiyva's grace]
   518 | D        | Lost mutation: You can spit weak poison. [Jiyva's grace]
   518 | D        | Gained mutation: You are very weak. (Str -4) [Jiyva's grace]
   550 | D        | Gained mutation: Scrolls take you a little longer to read. [Jiyva's grace]
   553 | D        | Lost mutation: You are frail (-10% HP). [Jiyva's grace]
   555 | D        | Lost mutation: Scrolls take you a little longer to read. [Jiyva's grace]
   555 | D        | Lost mutation: You are very weak. (Str -4) [Jiyva's grace]
   560 | D        | Gained mutation: You have a small jelly attached to you that may absorb incoming projectiles. [Jiyva's grace]
   576 | D        | Gained mutation: You regenerate. [Jiyva's grace]
   581 | D        | Lost mutation: You have acidic saliva. [Jiyva's grace]
   585 | D        | Gained mutation: You are agile. (Dex +2) [Jiyva's grace]
   586 | D        | Gained mutation: You have a pair of small antennae on your head. [Jiyva's grace]
   591 | D        | Gained mutation: You are covered in slimy tendrils that may disarm your opponents. [Jiyva's grace]
   593 | D        | Lost mutation: You are weak. (Str -2) [Jiyva's grace]
   593 | D        | Lost mutation: Your skin is partially translucent (Stealth, -foe acc). [Jiyva's grace]
   594 | D        | Gained mutation: You have hoof-like feet. [Jiyva's grace]
   595 | D        | Lost mutation: You have a pair of small antennae on your head. [Jiyva's grace]
   597 | D        | Lost mutation: You have hoof-like feet. [Jiyva's grace]
   602 | D        | Lost mutation: You regenerate. [Jiyva's grace]
   602 | D        | Gained mutation: Your skin is partially translucent (Stealth, -foe acc). [Jiyva's grace]
   605 | D        | Lost mutation: You can translocate small distances at will. [Jiyva's grace]
   608 | D        | Lost mutation: You are agile. (Dex +2) [Jiyva's grace]
   609 | D        | Gained mutation: You are agile. (Dex +2) [Jiyva's grace]
   609 | D        | Gained mutation: You are resistant to hostile enchantments. [Jiyva's grace]
   611 | D        | Gained mutation: You evolve. [Jiyva's grace]
   618 | D        | Gained mutation: You have acidic saliva. [Jiyva's grace]
   657 | D        | Noticed a crocodile
   657 | D        | Noticed a porcupine
   657 | D        | Noticed a porcupine
   657 | D        | Noticed a crocodile
   657 | D        | Noticed a spiny frog
   664 | D        | Killed a crocodile
   666 | D        | Killed a porcupine
   672 | D        | Killed a porcupine
   678 | D        | Slimified a crocodile
   678 | D        | Noticed a slime creature
   678 | D        | a crocodile changed into a slime creature
   679 | D        | Gained mutation: You are partially covered in slimy green scales (AC +2). [Jiyva's grace]
   688 | D        | Killed a spiny frog
   690 | D        | Gained mutation: Your flesh is cold resistant. [Jiyva's grace]
   700 | D        | Gained mutation: You possess an exceptional clarity of mind. [evolution]
   733 | D        | Noticed a hippogriff
   734 | D        | Noticed a basilisk
   735 | D        | Noticed a water moccasin
   747 | D        | Killed a hippogriff
   747 | D        | Reached XP level 8. HP: 75/88 MP: 7/7
   752 | D        | Killed a basilisk
   767 | D        | Killed a water moccasin
   838 | D        | Noticed a komodo dragon
   838 | D        | Noticed a porcupine
   838 | D        | Noticed a black mamba
   838 | D        | Noticed a water moccasin
   838 | D        | Noticed a porcupine
   839 | D        | Noticed a porcupine
   843 | D        | Killed a komodo dragon
   843 | D        | Killed a porcupine
   850 | D        | Killed a slime creature
   857 | D        | Killed a black mamba
   867 | D        | Slimified a water moccasin
   867 | D        | Noticed a slime creature
   867 | D        | a water moccasin changed into a slime creature
   867 | D        | Gained mutation: You are robust (+10% HP). [Jiyva's grace]
   867 | D        | Killed a porcupine
   871 | D        | Killed a slime creature
   876 | D        | Slimified a porcupine
   876 | D        | Noticed a slime creature
   876 | D        | a porcupine changed into a slime creature
   882 | D        | Lost mutation: You have large cloven feet. [Jiyva's grace]
   887 | D        | Noticed a griffon
   888 | D        | Noticed a water moccasin
   904 | D        | Killed a slime creature
   910 | D        | Slimified a griffon
   910 | D        | Noticed a slime creature
   910 | D        | a griffon changed into a slime creature
   916 | D        | Killed a water moccasin
   918 | D        | Gained mutation: Your body is partially covered in golden eyeballs (Acc +3). [Jiyva's grace]
   920 | D        | Lost mutation: Your skin is partially translucent (Stealth, -foe acc). [Jiyva's grace]
  1078 | D        | Noticed a wolf
  1078 | D        | Noticed a wolf
  1078 | D        | Noticed a wolf
  1078 | D        | Noticed a wolf
  1079 | D        | Noticed a warg
  1080 | D        | Noticed a warg
  1082 | D        | Killed a wolf
  1084 | D        | Noticed a warg
  1087 | D        | Noticed a warg
  1087 | D        | Killed a warg
  1087 | D        | Reached skill level 10 in Dodging
  1087 | D        | Reached XP level 9. HP: 83/106 MP: 8/8
  1090 | D        | Killed a warg
  1094 | D        | Killed a warg
  1099 | D        | Killed a warg
  1099 | D        | Reached skill level 5 in Polearms
  1102 | D        | Killed a wolf
  1108 | D        | Killed a wolf
  1111 | D        | Killed a wolf
  1188 | D        | Lost mutation: You evolve. [Jiyva's grace]
  1197 | D        | Gained mutation: Your skin is partially translucent (Stealth, -foe acc). [Jiyva's grace]
  1201 | D        | Lost mutation: You are agile. (Dex +2) [Jiyva's grace]
  1209 | D        | Gained mutation: You can breathe flames. [Jiyva's grace]
  1211 | D        | Gained mutation: Your skin is mostly translucent (Stealth, -foe acc). [Jiyva's grace]
  1212 | D        | Gained mutation: You are covered in thick fur (AC +2). [Jiyva's grace]
  1212 | D        | Lost mutation: You are resistant to hostile enchantments. [Jiyva's grace]
  1215 | D        | Lost mutation: Your flesh is cold resistant. [Jiyva's grace]
  1216 | D        | Lost mutation: You possess an exceptional clarity of mind. [Jiyva's grace]
  1218 | D        | Lost mutation: Your skin is mostly translucent (Stealth, -foe acc). [Jiyva's grace]
  1218 | D        | Lost mutation: Your skin is partially translucent (Stealth, -foe acc). [Jiyva's grace]
  1218 | D        | Gained mutation: Your skin changes colour to match your surroundings (Stealth). [Jiyva's grace]
  1219 | D        | Lost mutation: You are robust (+10% HP). [Jiyva's grace]
  1220 | D        | Lost mutation: You are covered in thick fur (AC +2). [Jiyva's grace]
  1223 | D        | Gained mutation: You tend to lose your temper in combat. [Jiyva's grace]
  1226 | D        | Gained mutation: You are frail (-10% HP). [Jiyva's grace]
  1229 | D        | Noticed an orc priest
  1229 | D        | Noticed an orc priest
  1229 | D        | Noticed an orc priest
  1229 | D        | Noticed an orc wizard
  1229 | D        | Noticed an orc warrior
  1229 | D        | Gained mutation: You are partially covered in thin metallic scales (AC +2). [Jiyva's grace]
  1230 | D        | Killed an orc priest
  1233 | D        | Killed an orc priest
  1233 | D        | Lost mutation: You are frail (-10% HP). [Jiyva's grace]
  1234 | D        | Killed an orc priest
  1235 | D        | Lost mutation: You have acidic saliva. [Jiyva's grace]
  1235 | D        | Gained mutation: Armour fits poorly on your pseudopods. [Jiyva's grace]
  1236 | D        | Gained mutation: You have a pair of small antennae on your head. [Jiyva's grace]
  1237 | D        | Killed an orc warrior
  1239 | D        | Noticed an orc priest
  1239 | D        | Gained mutation: You have large cloven feet. [Jiyva's grace]
  1241 | D        | Noticed an orc warrior
  1241 | D        | Lost mutation: You can breathe flames. [Jiyva's grace]
  1241 | D        | Gained mutation: You can spit weak poison. [Jiyva's grace]
  1242 | D        | Lost mutation: Armour fits poorly on your pseudopods. [Jiyva's grace]
  1250 | D        | Killed an orc wizard
  1259 | D        | Killed an orc warrior
  1269 | D        | Killed an orc priest
  1274 | D        | Noticed an orc wizard
  1286 | D        | Killed an orc wizard
  1332 | D        | Noticed an orc warrior
  1332 | D        | Noticed an orc wizard
  1332 | D        | Noticed an orc knight
  1332 | D        | Noticed an orc warrior
  1332 | D        | Noticed an orc wizard
  1332 | D        | Noticed an orc warrior
  1333 | D        | Noticed an orc warrior
  1337 | D        | Killed an orc warrior
  1338 | D        | Noticed an orc knight
  1339 | D        | Noticed an orc warrior
  1344 | D        | Killed an orc knight
  1345 | D        | Noticed an orc warrior
  1347 | D        | Noticed an orc warrior
  1351 | D        | Killed an orc warrior
  1358 | D        | Noticed an orc knight
  1361 | D        | Slimified an orc knight
  1361 | D        | an orc knight changed into a slime creature
  1361 | D        | Lost mutation: You tend to lose your temper in combat. [Jiyva's grace]
  1367 | D        | Killed an orc wizard
  1374 | D        | Slimified an orc knight
  1374 | D        | Noticed an azure jelly
  1374 | D        | an orc knight changed into an azure jelly
  1374 | D        | Lost mutation: Your skin changes colour to match your surroundings (Stealth). [Jiyva's grace]
  1374 | D        | Gained mutation: You have a small jelly attached to you that senses nearby items. [Jiyva's grace]
  1374 | D        | Lost mutation: Your body is partially covered in golden eyeballs (Acc +3). [Jiyva's grace]
  1374 | D        | Gained mutation: You regenerate. [Jiyva's grace]
  1375 | D        | Gained mutation: You can spit poison. [Jiyva's grace]
  1375 | D        | Gained mutation: You are covered in thick fur (AC +2). [Jiyva's grace]
  1375 | D        | Gained mutation: Your muscles are strong. (Str +2) [Jiyva's grace]
  1378 | D        | Killed an orc warrior
  1378 | D        | Reached XP level 10. HP: 75/107 MP: 9/9
  1378 | D        | Lost mutation: Your muscles are strong. (Str +2) [Jiyva's grace]
  1379 | D        | Lost mutation: You can spit poison. [Jiyva's grace]
  1379 | D        | Lost mutation: You can spit weak poison. [Jiyva's grace]
  1379 | D        | Gained mutation: You can breathe flames. [Jiyva's grace]
  1384 | D        | Killed an orc warrior
  1389 | D        | Killed an orc warrior
  1390 | D        | Killed an orc warrior
  1394 | D        | Gained mutation: Your spells are a little harder to cast, but a little more powerful. [Jiyva's grace]
  1395 | D        | Gained mutation: You are resistant to electric shocks. [Jiyva's grace]
  1395 | D        | Lost mutation: You are covered in thick fur (AC +2). [Jiyva's grace]
  1395 | D        | Killed an orc warrior
  1395 | D        | Lost mutation: You are partially covered in large bone plates (AC +2, SH +2). [Jiyva's grace]
  1395 | D        | Lost mutation: You are partially covered in slimy green scales (AC +2). [Jiyva's grace]
  1395 | D        | Gained mutation: You have a pair of antennae on your head. [Jiyva's grace]
  1395 | D        | Lost mutation: You have a small jelly attached to you that may absorb incoming projectiles. [Jiyva's grace]
  1395 | D        | Gained mutation: You have a small jelly attached to you that may absorb incoming projectiles. [Jiyva's grace]
  1395 | D        | Lost mutation: You have large cloven feet. [Jiyva's grace]
  1396 | D        | Killed an orc wizard
  1401 | D        | Lost mutation: Your spells are a little harder to cast, but a little more powerful. [Jiyva's grace]
  1407 | D        | Lost mutation: You have a pair of antennae on your head. [Jiyva's grace]
  1407 | D        | Lost mutation: You are covered in slimy tendrils that may disarm your opponents. [Jiyva's grace]
  1409 | D        | Found Azegouwki's Assorted Antiques.
  1409 | D        | Noticed an orc priest
  1409 | D        | Noticed an orc priest
  1409 | D        | Noticed an orc high priest
  1409 | D        | Noticed an orc priest
  1409 | D        | Noticed an orc priest
  1411 | D        | Noticed an orc priest
  1412 | D        | Killed an orc priest
  1420 | D        | Gained mutation: You have a pair of antennae on your head. [Jiyva's grace]
  1420 | D        | HP: 5/110 [orc priest/divine providence (15)]
  1420 | D        | Mangled by a chaos spawn

Vault maps used:
D:        linesprint

Action                   |  1- 3 |  4- 6 |  7- 9 | 10-12 || total
-------------------------+-------+-------+-------+-------++-------
Melee: Unarmed           |    11 |    19 |       |       ||    30
       Halberd           |       |    11 |   175 |    24 ||   210
Invok: Slimify           |       |     1 |     6 |     1 ||     8
       Request Jelly     |       |       |     1 |       ||     1
  Use: Potion            |     2 |       |     2 |       ||     4
 Stab: Confused          |       |       |     2 |       ||     2
  Eat: Bread ration      |       |       |     2 |       ||     2
       Fruit             |       |       |     1 |       ||     1
